 Dungeon Crawl Stone Soup version 0.29-a0-584-gb10a8bf730 (webtiles) character file.

Game seed: 2504877810469893729

75 Nedwor the Ducker (level 4, -4/34 HPs)
             Began as a Merfolk Gladiator on June 15, 2022.
             Slain by Sigmund
             ... wielding a +3 scythe of venom
              (7 damage)
             ... on level 2 of the Dungeon.
             The game lasted 00:01:42 (1597 turns).

Nedwor the Ducker (Merfolk Gladiator)               Turns: 1597, Time: 00:01:42

Health: -4/34      AC:  9    Str: 14    XL:     4   Next: 31%
Magic:  4/4        EV:  7    Int:  7    God:
Gold:   87         SH:  0    Dex: 17    Spells: 3/3 levels left

rFire   . . .      SeeInvis .   a - +0 long sword
rCold   . . .      Faith    .   (no shield)
rNeg    . . .      Spirit   .   j - +0 chain mail
rPois   .          Reflect  .   c - +0 helmet
rElec   .          Harm     .   (no cloak)
rCorr   .          Rampage  .   (no gloves)
Will    .....                   (no boots)
Stlth   ..........              (no amulet)
HPRegen 0.11/turn               (no ring)
MPRegen 0.09/turn               (no ring)

@: lethally poisoned (-4 -> -11)
A: (nimble swimmer 2), mertail
a: no special abilities


You were on level 2 of the Dungeon.
You visited 1 branch of the dungeon, and saw 3 of its levels.

You collected 87 gold pieces.

Inventory:

Hand Weapons
 a - a +0 long sword (weapon)
Missiles
 d - 3 throwing nets (quivered)
 e - a javelin
Armour
 c - a +0 helmet (worn)
 j - a +0 chain mail (worn)
Scrolls
 b - a scroll of fear {unknown}
 f - 4 scrolls of identify {unknown}
 h - a scroll of amnesia {unknown}
Potions
 g - a potion of haste {unknown}
 i - a potion of heal wounds {unknown}
 k - a potion of mutation {unknown}
 l - a potion of curing {unknown}


   Skills:
 + Level 2.9 Fighting
 * Level 4.7 Long Blades
 - Level 2.0 Throwing
 + Level 1.0 Armour
 + Level 4.7 Dodging


You had 3 spell levels left.
You didn't know any spells.
Your spell library was empty.

Dungeon Overview and Level Annotations

Branches:
Dungeon (3/15)

Altars:

Annotations:
D:2 Sigmund


Innate Abilities, Weirdness & Mutations

((You are very nimble when in or above water. (Stealth+, EV+, Speed+++)))
Your lower body shifts to a powerful aquatic tail in water.


Message History

You feel sick.
You feel sick.
You are no longer poisoned.
A goblin comes into view. It is wielding a +0 club.
A goblin is nearby!
The goblin shouts!
You hear a shout!
Found 2 gold pieces.
You hit the goblin but do no damage. Your punch misses the goblin.
The goblin hits you with a +0 club.
You hit the goblin.
You kill the goblin!
Sigmund the Dreaded comes into view.
He is wielding a +3 scythe of venom.
Sigmund gestures wildly while chanting.
Sigmund flickers and vanishes!
Deactivating autopickup; reactivate with Ctrl-A.
Things that are here:
a +0 club; 10 gold pieces No target in view!
An adder comes into view.
You barely miss the adder. The adder bites you but does no damage.
You completely miss the adder. The adder bites you but does no damage.
Something hits you!
You are poisoned.
The adder bites you but does no damage.
You barely miss the adder.
You feel very sick. Something completely misses you. The adder bites you.
You hit the adder.
The adder is moderately wounded.
* * * LOW HITPOINT WARNING * * *
You feel very sick. The adder bites you but does no damage. Something hits you.
* * * LOW HITPOINT WARNING * * *
The adder bites you but does no damage.
You hit the adder.
The adder is almost dead.
* * * LOW HITPOINT WARNING * * *
You feel very sick. The adder bites you but does no damage. Something hits you!
You die...

#.# #>......##.#
#.####.......##.#
#.##.#.......##.#
#[....#...#####..
####.##.### ###
#.......#
#.....#.###
#...#......
#.S@..#.##
#.###)# # #)# ...
#......#.# b.
.....#...# $ #
P........# .##.
.♣♣........ ...
.. .♣♣P..... ..#
.. ♣ ....$.


You could see an adder.

Vanquished Creatures
  2 adders
  A gnoll (D:1)
  A dart slug (D:1)
  5 bats
  3 endoplasms
  3 giant cockroaches
  6 goblins
  3 hobgoblins (D:1)
  7 kobolds (D:1)
  2 quokkas (D:1)
  7 ball pythons
  2 rats (D:1)
42 creatures vanquished.

Vanquished Creatures (others)
  A fungus (D:2)
  2 plants (D:2)
3 creatures vanquished.

Grand Total: 45 creatures vanquished

Notes
Turn   | Place    | Note
-------+----------+-------------------------------------------
     0 | D:1      | Nedwor the Merfolk Gladiator began the quest for the Orb.
     0 | D:1      | Reached XP level 1. HP: 16/16 MP: 1/1
    97 | D:1      | Reached XP level 2. HP: 20/23 MP: 2/2
   497 | D:1      | Reached XP level 3. HP: 28/28 MP: 3/3
  1165 | D:2      | You fall into a shaft and drop 1 floor!
  1205 | D:3      | Reached XP level 4. HP: 14/34 MP: 4/4
  1564 | D:2      | Reached skill level 1 in Armour
  1585 | D:2      | Noticed Sigmund
  1597 | D:2      | Slain by Sigmund

Illustrated notes

Levels and vault maps discovered:
D:1:      dpeg_arrival_connections, layout_loops_ring, minmay_misc_feat_doors
D:2:      layout_loops_cross, dreamdust_ecumenical_altar_grove,
          grunt_ministairs_2, uniq_sigmund
D:3:      layout_basic

Skill      XL: |  1  2  3  4 |
---------------+-------------+-----
Long Blades    | 4 |  4.7
Armour         | 1 |  1.0
Fighting       | |  2.9
Throwing       | |  2.0
Dodging        | |  4.7

Action                   |  1- 3 |  4- 6 || total
-------------------------+-------+-------++-------
Melee: Long sword        |    98 |    24 ||   122
       Punch             |     3 |       ||     3
Armor: Leather armour    |    21 |       ||    21
       Chain mail        |    23 |    15 ||    38
Dodge: Dodged            |    77 |     5 ||    82

Table legend: (Time is in decaauts)
 A = Elapsed time spent in this place.
 B = Non-inter-level travel time spent in this place.
 C = Inter-level travel time spent in this place.
 D = Time resting spent in this place.
 E = Time spent auto-exploring this place.
 F = Levels seen in this place.
 G = Mean time per level.
                   A        B        C        D        E       F      G
               +--------+--------+--------+--------+--------+-----+--------+
         Total |   1618 |   1569 |     49 |      0 |   1277 |   3 |  539.3 |
       Dungeon |   1618 |   1569 |     49 |      0 |   1277 |   3 |  539.3 |
               +--------+--------+--------+--------+--------+-----+--------+

Top non-repeatable levels by time:
     D:1: 1181 daAuts
     D:3: 319 daAuts
     D:2: 117 daAuts
